 Dungeon Crawl Stone Soup version 0.31-a0-319-g4fced400ed (webtiles) character file.

Game seed: 4333470200322850260

92 lessens the Chopper (level 4, -2/35 HPs)
             Began as a Demonspawn Fighter on July 17, 2023.
             Succumbed to an orc wizard's poison
             ... on level 3 of the Dungeon.
             The game lasted 00:03:07 (1508 turns).

lessens the Chopper (Demonspawn Fighter)            Turns: 1508, Time: 00:03:08

Health: -2/35      AC:  6    Str: 22    XL:     4   Next: 35%
Magic:  0/0        EV:  9    Int: 10    God:
Gold:   172        SH:  5    Dex: 21    Spells: 3/3 levels left

rFire   . . .        a - +0 war axe
rCold   . . .        t - +0 buckler "Amua" {Regen+ MP-9 Str-2 Dex+5}
rNeg    . . .        b - +0 scale mail
rPois   .            (no helmet)
rElec   .            (no cloak)
rCorr   .            (no gloves)
SInv    .            (no boots)
Will    .....        (no amulet)
Stlth   ++           f - +6 ring of strength
HPRegen 1.05/turn    (no ring)
MPRegen 0.07/turn

%: no passive effects
@: mighty, brilliant, lethally poisoned (-2 -> -18)
A: thin skeletal structure 2
a: no special abilities


You were on level 3 of the Dungeon.
You visited 1 branch of the dungeon, and saw 3 of its levels.

You collected 172 gold pieces.

Inventory:

Hand Weapons
 a - a +0 war axe (weapon)
Missiles
 g - 22 stones
Armour
 b - a +0 scale mail (worn)
 c - a +0 buckler
 t - the +0 buckler "Amua" (worn) {Regen+ MP-9 Str-2 Dex+5}
   (You found it on level 3 of the Dungeon)

   Str:       It affects your strength (-2).
   Dex:       It affects your dexterity (+5).
   MP:        It affects your magic capacity (-9).
   Regen:     It increases your rate of health regeneration.
Jewellery
 f - a +6 ring of strength (left hand)
 k - a ring of fire
 l - a ring of positive energy
 q - a ring of ice
Scrolls
 e - 2 scrolls of fog {unknown}
 h - a scroll of identify {unknown}
 j - a scroll of vulnerability {unknown}
 m - a scroll of blinking {unknown}
 n - a scroll of teleportation {unknown}
 s - a scroll of immolation {unknown}
Potions
 d - a potion of might
 p - a potion of heal wounds {unknown}
 r - a potion of curing {unknown}


   Skills:
 - Level 3.0 Fighting
 + Level 4.2 Axes
 - Level 2.6 Armour
 - Level 2.6 Shields


You had 3 spell levels left.
You didn't know any spells.
Your spell library contained the following spells:

 Spells                   Type           Power      Damage    Failure   Level
 Ensorcelled Hibernation  Hex/Ice        0%         N/A       88%         2
 Ozocubu's Armour         Ice            0%         N/A       98%         3
 Anguish                  Hex/Necr       0%         N/A       100%        4
 Metabolic Englaciation   Hex/Ice        0%         N/A       100%        5
 Simulacrum               Ice/Necr       0%         N/A       100%        6


Dungeon Overview and Level Annotations

Branches:
Dungeon (3/15) Zot: 16427

Altars:


Innate Abilities, Weirdness & Mutations

You have a moderately thin skeletal structure. (Dex +4, Stealth++)


Message History

You completely miss the goblin. The goblin barely misses you.
You barely miss the goblin. The goblin barely misses you.
You barely miss the goblin. You block the goblin's attack.
The orc closely misses you. The goblin hits you but does no damage.
You slash the orc!
You kill the orc!
You barely miss something. You closely miss the goblin. Something hits you.
You are poisoned.
The goblin hits you but does no damage.
You barely miss something. You slash the goblin!
You kill the goblin!
You feel sick. Something hits you.
You are more poisoned.
Something hits you.
You are more poisoned.
You miss something.
You feel very sick. Something hits you but does no damage.
You are more poisoned.
You hit something but do no damage.
You feel extremely sick.
You hear some strange, mumbled words.
A puff of flame appears from out of thin air!
The puff of flame misses you.
You barely miss something.
You feel very sick. Something hits you but does no damage.
You are lethally poisoned!
It was a potion of cancellation.
You feel magically purged.
* * * LOW HITPOINT WARNING * * *
You feel very sick. Something hits you but does no damage.
You feel very mighty all of a sudden.
* * * LOW HITPOINT WARNING * * *
You feel very sick. Something hits you but does no damage.
You are more poisoned.
It was a potion of brilliance.
You feel clever all of a sudden.
You die...

......###### #........$.#
#..........# #..........#
...........##...........
...........###..........
................).......
##.........####.@)......
.............[...{..####
...........##...........
...............###...... .
.................###.... ..
.......###........†###.. ...
.......###...........###....
...................###......
.................###.†......


There were no monsters in sight!

Vanquished Creatures
  An orc wizard (D:3)
  An adder (D:3)
  A worm (D:3)
  3 dart slugs
  5 orcs (D:3)
  2 ball pythons
  3 bats
  5 endoplasms
  4 giant cockroaches
  A goblin (D:3)
  4 hobgoblins (D:1)
  A quokka (D:3)
  3 frilled lizards (D:2)
  4 kobolds
  4 rats
42 creatures vanquished.

Notes
Turn   | Place    | Note
-------+----------+-------------------------------------------
     0 | D:1      | lessens the Demonspawn Fighter began the quest for the Orb.
     0 | D:1      | Reached XP level 1. HP: 18/18 MP: 1/1
    59 | D:1      | Reached skill level 2 in Axes
   254 | D:1      | Gained mutation: You have a somewhat thin skeletal
                  | structure. (Dex +2, Stealth+) [demonic ancestry]
   254 | D:1      | Reached XP level 2. HP: 24/24 MP: 2/2
   264 | D:1      | You fall into a shaft and drop 1 floor!
   459 | D:1      | Found a faded altar of an unknown god.
   648 | D:2      | Reached skill level 3 in Axes
  1017 | D:2      | Reached XP level 3. HP: 26/29 MP: 3/3
  1336 | D:3      | Reached skill level 4 in Axes
  1336 | D:3      | Gained mutation: You have a moderately thin skeletal
                  | structure. (Dex +4, Stealth++) [demonic ancestry]
  1336 | D:3      | Reached XP level 4. HP: 10/35 MP: 4/4
  1340 | D:3      | Identified the +0 buckler "Amua" {Regen+ MP-9 Str-2 Dex+5}
  1508 | D:3      | Succumbed to an orc wizard's poison

Illustrated notes

Levels and vault maps discovered:
D:1:      amcnicky_arrival_underground_garden, layout_rooms,
          ebering_ecumenical_altar_mist
D:2:      wander_river, layout_rooms, serial_bayou, serial_bayou_ford_a,
          serial_bayou_pond_c, serial_bayou_shore_b, serial_bayou_pond_e
D:3:      layout_basic, minmay_unequal, uniq_crazy_yiuf_cottage

Skill      XL: |  1  2  3 |
---------------+----------+-----
Axes           | 2 3 4 |  4.2
Fighting       | |  3.0
Armour         | |  2.6
Shields        | |  2.6

Action                     |  1- 3 |  4- 6 || total
---------------------------+-------+-------++-------
  Melee: War axe           |    83 |    16 ||    99
    Use: Potion            |       |     3 ||     3
   Stab: Sleeping          |       |     1 ||     1
 Armour: Scale mail        |    51 |     6 ||    57
  Dodge: Dodged            |    34 |     4 ||    38
  Block: Buckler           |    19 |     5 ||    24

Table legend: (Time is in decaauts)
 A = Elapsed time spent in this place.
 B = Non-inter-level travel time spent in this place.
 C = Inter-level travel time spent in this place.
 D = Time resting spent in this place.
 E = Time spent auto-exploring this place.
 F = Levels seen in this place.
 G = Mean time per level.
                   A        B        C        D        E       F      G
               +--------+--------+--------+--------+--------+-----+--------+
         Total |   1572 |   1519 |     53 |      0 |   1124 |   3 |  524.0 |
       Dungeon |   1572 |   1519 |     53 |      0 |   1124 |   3 |  524.0 |
               +--------+--------+--------+--------+--------+-----+--------+

Top non-repeatable levels by time:
     D:2: 658 daAuts
     D:1: 583 daAuts
     D:3: 329 daAuts

Levels and vault maps discovered:
D:1:      amcnicky_arrival_underground_garden, layout_rooms,
          ebering_ecumenical_altar_mist
D:2:      wander_river, layout_rooms, serial_bayou, serial_bayou_ford_a,
          serial_bayou_pond_c, serial_bayou_shore_b, serial_bayou_pond_e
D:3:      layout_basic, minmay_unequal, uniq_crazy_yiuf_cottage
